cohdb
Replays
Latest Replays
All Replays
Popular Replays
Top Player Replays
Match Explorer
How It Works
Community
CoH3 Stats
Reddit
Sign in to upload your games and track your stats! →
Sign in with Steam
what the hell I am doing?
Match 15129006
Overview
Messages
Build Orders
End
Scout Squad
Selects Special Operations Battlegroup
Selects M29 Weasel Recon Vehicle
M29 Weasel Recon Vehicle
Engineer Squad
Infantry Support Center
Construct Barracks
M1 Mortar Team
Construct Motor Pool
Mortar Pit
M1 Anti-tank Gun Team
Construct Medical Station
Selects Raiding Flares
Selects SSF Commando Squad
SSF Commando Squad
SSF Commando Squad
Advanced Logisitcs
SSF Commando Squad
Raiding Flares
Selects Mark Vehicle
Survival Training
SSF Commando Squad
Riflemen Squad
M1 Anti-tank Gun Team
Construct Weapon Support Center
Mark Vehicle
SSF Commando Squad
M3 Armored Personnel Carrier
Selects M4A1 Sherman Whizbang
M4A1 Sherman Whizbang
.30 cal Machine Gun
Construct Tank Depot
M18 Hellcat Tank Destroyer
M4A1 Sherman Whizbang
Engineer Squad
.30 cal Machine Gun
SSF Commando Squad
.30 cal Machine Gun
Zuntew
HighFive
0
0
Comments
sign in to comment!
No comments posted yet!